AoeStats
← RINNEGAN

Black Forest

504816824Analyzed
4v4 RM · 26d ago on Sep 6, 2026· 78m 1s· 8 players
Game mode
Random Map
Map size
Large (8 player)
Population
200
Speed
Normal
Resources
Standard
Victory
Conquest
Starting age
Dark Age
Ending age
Imperial Age
RankedLock teamsTeams togetherTeam positionsShared explorationLock speedFull tech treeHidden civsTurbo modeCheats
Victory
Defeat
🇧🇷 Wei · Brazil
1000
+13
🇧🇷 Romans · Brazil
955
+15
🇧🇷 Persians · Brazil
930
+16
🇧🇷 Bulgarians · Brazil
880
+48
🇪🇸 Tupi · Spain
958
-49
🇬🇧 Byzantines · United Kingdom
926
-15
🇦🇷 Khmer · Argentina
918
-15
🇬🇧 Magyars · United Kingdom
898
-14
BARBARUIVA
0:28 Loom
16:57 Feudal Age
25:20 Castle Age
23:23 Double-Bit Axe
23:36 Gold Mining
23:37 Stone Mining
23:42 Horse Collar
30:27 Bow Saw
30:19 Heavy Plow
33:42 Imperial Age
31:48 Wheelbarrow
33:31 Gold Shaft Mining
33:32 Stone Shaft Mining
33:17 Hand Cart
35:15 Crop Rotation
38:58 Conscription
38:52 Tuntian
39:21 Ming Guang Armor
40:13 Town Watch
41:38 Chemistry
40:59 Ballistics
40:20 Treadmill Crane
40:53 Masonry
40:39 Murder Holes
40:56 Fortified Wall
40:33 Elite Tiger Cavalry
43:25 Forging
43:21 Scale Barding Armor
43:28 Husbandry
43:38 Bloodlines
45:20 Iron Casting
45:07 Chain Barding Armor
46:57 Blast Furnace
47:00 Light Cavalry
50:15 Hussar
51:00 Onager
62:57 Heavy Scorpion
67:56 Town Patrol
jhonkiller
1:00 Loom
11:39 Feudal Age
16:17 Castle Age
14:24 Double-Bit Axe
15:44 Wheelbarrow
32:42 Stone Mining
33:49 Bow Saw
34:14 Horse Collar
34:10 Pikeman
35:50 Scale Mail Armor
36:17 Man-at-Arms
37:01 Squires
38:13 Forging
38:34 Heavy Plow
39:02 Hand Cart
39:35 Chain Mail Armor
39:16 Gold Mining
44:17 Imperial Age
41:37 Town Watch
42:47 Man-at-Arms
44:07 Gold Shaft Mining
44:51 Town Patrol
45:03 Scale Barding Armor
46:12 Iron Casting
45:56 Bloodlines
46:43 Ballistics
47:28 Chemistry
45:53 Heavy Scorpion
46:23 Long Swordsman
47:26 Ballistas
47:11 Halberdier
48:42 Husbandry
48:06 Light Cavalry
49:50 Blast Furnace
49:12 Chain Barding Armor
49:17 Conscription
49:38 Fortified Wall
50:30 Comitatenses
52:40 Plate Barding Armor
51:46 Elite Centurion
55:50 Elite Skirmisher
56:32 Padded Archer Armor
56:22 Fletching
57:35 Bodkin Arrow
57:56 Leather Archer Armor
61:58 Sappers
62:49 Siege Engineers
64:23 Masonry
64:20 Murder Holes
66:16 Ring Archer Armor
78:26 Architecture
RINNEGAN
0:30 Loom
15:03 Feudal Age
15:43 Double-Bit Axe
17:32 Wheelbarrow
17:03 Horse Collar
20:07 Padded Archer Armor
19:58 Fletching
20:29 Gold Mining
20:31 Stone Mining
21:39 Town Watch
27:45 Castle Age
28:43 Thumb Ring
28:57 Leather Archer Armor
28:38 Bodkin Arrow
29:10 Bow Saw
29:16 Heavy Plow
30:13 Caravan
32:06 Hand Cart
33:11 Gold Shaft Mining
35:18 Stone Shaft Mining
35:42 Town Patrol
39:46 Ballistics
39:20 Guard Tower
42:07 Imperial Age
43:31 Parthian Tactics
42:26 Heavy Cavalry Archer
43:09 Bracer
44:28 Chemistry
43:42 Masonry
43:52 Forging
43:43 Scale Mail Armor
43:48 Scale Barding Armor
44:24 Crop Rotation
44:04 Heated Shot
44:21 Siege Engineers
44:12 Murder Holes
44:52 Keep
43:45 Elite Skirmisher
45:04 Iron Casting
44:26 Elite Konnik
45:04 Stirrups
47:08 Blast Furnace
46:24 Chain Mail Armor
46:30 Chain Barding Armor
46:46 Architecture
47:43 Conscription
48:33 Parthian Tactics
48:43 Plate Mail Armor
48:48 Plate Barding Armor
48:17 Bagains
48:52 Pikeman
49:33 Squires
49:19 Gambesons
49:19 Arson
Fabian
0:28 Loom
15:40 Feudal Age
16:50 Wheelbarrow
15:57 Horse Collar
16:05 Double-Bit Axe
21:08 Castle Age
21:53 Hand Cart
21:50 Bow Saw
21:42 Heavy Plow
21:53 Stone Mining
22:02 Gold Mining
23:52 Scale Barding Armor
26:21 Stone Shaft Mining
26:25 Gold Shaft Mining
31:05 Caravan
34:07 Imperial Age
32:22 Chain Barding Armor
32:03 Padded Archer Armor
31:54 Fletching
33:15 Masonry
33:01 Murder Holes
33:27 Ballistics
34:05 Leather Archer Armor
33:45 Bodkin Arrow
35:01 Crop Rotation
35:35 Two-Man Saw
35:09 Conscription
35:49 Ring Archer Armor
36:26 Chemistry
35:00 Crossbowman
36:27 Thumb Ring
36:48 Kamandaran
38:06 Plate Barding Armor
37:39 Husbandry
37:50 Bloodlines
38:40 Elite War Elephant
gabigarna
10:39 Feudal Age
15:47 Wheelbarrow
15:08 Loom
15:15 Double-Bit Axe
15:23 Horse Collar
22:53 Castle Age
26:38 Hand Cart
26:27 Heavy Plow
26:37 Bow Saw
26:18 Gold Mining
26:19 Stone Mining
29:00 Padded Archer Armor
28:54 Fletching
33:48 Gold Shaft Mining
34:45 Leather Archer Armor
34:26 Bodkin Arrow
38:23 Imperial Age
39:56 Elite Blackwood Archer
40:04 Elite Blackwood Archer
42:59 Curare
43:55 Ring Archer Armor
45:16 Bracer
62:55 Scale Mail Armor
63:06 Forging
Dayman
5:44 Loom
12:27 Feudal Age
13:36 Horse Collar
17:04 Castle Age
16:27 Double-Bit Axe
19:58 Coinage
24:29 Redemption
25:54 Bow Saw
26:21 Gold Mining
32:20 Wheelbarrow
33:11 Fervor
36:56 Imperial Age
34:57 Heavy Plow
35:33 Caravan
36:10 Stone Mining
36:56 Gold Shaft Mining
36:52 Hand Cart
38:00 Forging
37:41 Fletching
37:52 Padded Archer Armor
37:52 Scale Mail Armor
38:44 Stone Shaft Mining
39:10 Crop Rotation
39:24 Iron Casting
39:19 Block Printing
40:41 Ballistics
41:22 Chemistry
41:46 Banking
40:55 Pikeman
41:35 Squires
41:21 Gambesons
41:21 Arson
41:33 Bodkin Arrow
41:53 Leather Archer Armor
41:53 Chain Mail Armor
41:34 Capped Ram
41:37 Halberdier
44:05 Onager
50:50 Plate Mail Armor
50:51 Ring Archer Armor
50:21 Bracer
50:57 Fortified Wall
50:43 Murder Holes
51:10 Bombard Tower
51:04 Fortified Wall
50:49 Murder Holes
55:41 Two-Man Saw
Zoinks
2:12 Loom
12:35 Feudal Age
13:04 Double-Bit Axe
13:01 Horse Collar
18:45 Stone Mining
22:32 Castle Age
20:45 Scale Barding Armor
28:06 Gold Mining
31:28 Corvinian Army
31:56 Bow Saw
32:35 Heavy Plow
37:25 Gold Shaft Mining
39:54 Imperial Age
40:27 Wheelbarrow
41:32 Crop Rotation
42:05 Two-Man Saw
41:49 Conscription
42:05 Hoardings
41:55 Chain Barding Armor
41:59 Town Watch
43:10 Hand Cart
44:27 Town Patrol
46:28 Elite Magyar Huszar
48:43 Recurve Bow
48:49 Husbandry
49:00 Bloodlines
49:27 Plate Barding Armor
48:44 Fletching
48:55 Padded Archer Armor
50:52 Bodkin Arrow
52:23 Leather Archer Armor
52:09 Bracer
54:29 Parthian Tactics
54:41 Thumb Ring
54:03 Heavy Cavalry Archer
74:50 Ring Archer Armor
77:57 Ballistics
𝕬𝔫𝔲𝔟𝔦𝔰
0:32 Loom
12:47 Feudal Age
14:05 Wheelbarrow
13:17 Double-Bit Axe
13:15 Horse Collar
13:27 Gold Mining
21:30 Castle Age
22:42 Hand Cart
23:18 Bow Saw
24:15 Bloodlines
24:06 Husbandry
25:11 Gold Shaft Mining
25:46 Heavy Plow
27:05 Stone Mining
32:23 Imperial Age
33:19 Elite Ballista Elephant
34:18 Town Watch
35:27 Double Crossbow
38:18 Chemistry
37:38 Ballistics
37:24 Heavy Scorpion
38:36 Caravan
39:48 Light Cavalry
40:39 Bloodlines
41:00 Scale Mail Armor
41:05 Scale Barding Armor
42:55 Hussar
43:36 Husbandry
43:57 Chain Mail Armor
44:54 Chain Barding Armor
45:03 Conscription
45:11 Siege Engineers
Connection lost

Rejoining the realm…

Still unreachable

The connection could not be restored.

Session expired

The server has moved on; the page needs a fresh start.